 Dungeon Crawl Stone Soup version 0.27.0-1-g7a089689b8 (webtiles) character file.

Game seed: 16137882129498666824

115 PentaManta the Skirmisher (level 5, -2/36 HPs)
             Began as a Gargoyle Monk on Aug 17, 2021.
             Slain by a gnoll (7 damage)
             ... on level 2 of the Dungeon.
             The game lasted 00:02:02 (1943 turns).

PentaManta the Skirmisher (Gargoyle Monk)           Turns: 1943, Time: 00:02:03

Health: -2/36      AC: 12    Str: 15    XL:     5   Next: 0%
Magic:  5/5        EV:  3    Int: 11    God:
Gold:   76         SH:  0    Dex: 12    Spells: 4/4 levels left

rFire    . . .     SeeInvis .   a - +3 mace (holy)
rCold    . . .     Faith    .   (no shield)
rNeg     + . .     Spirit   .   g - +0 chain mail
rPois    ∞         Reflect  .   (no helmet)
rElec    +         Harm     .   (no cloak)
rCorr    .         Rampage  .   (no gloves)
Will     .....                  (no boots)
Stlth    ..........             f - amulet of the acrobat
HPRegen  0.12/turn              (no ring)
MPRegen  0.09/turn              (no ring)

@: held
A: sickness immunity, AC +4, negative energy resistance 1, electricity
resistance, torment resistance 1, petrification resistance
a: no special abilities


You were on level 2 of the Dungeon.
You visited 1 branch of the dungeon, and saw 2 of its levels.

You collected 76 gold pieces.

Inventory:

Hand Weapons
 a - a +3 mace of holy wrath (weapon)
 b - a +1 mace of venom
Armour
 g - a +0 chain mail (worn)
 i - a +0 plate armour
Jewellery
 f - an amulet of the acrobat (around neck)
Wands
 k - a wand of digging (6)
Scrolls
 d - a scroll of identify {unknown}
Potions
 c - a potion of curing {unknown}
 e - 2 potions of brilliance {unknown}
 h - a potion of heal wounds {unknown}
 j - a potion of haste {unknown}


   Skills:
 + Level 6.0 Fighting
 - Level 3.0 Maces & Flails
 - Level 2.4 Dodging
 - Level 2.1 Stealth


You had 4 spell levels left.
You didn't know any spells.
Your spell library was empty.

Dungeon Overview and Level Annotations

Branches:
Dungeon (2/15)

Altars:


Innate Abilities, Weirdness & Mutations

You are immune to sickness and miasma.
Your stone body is resilient. (AC +4)
You are immune to poison.
You resist negative energy. (rN+)
You are resistant to electric shocks. (rElec)
You are resistant to unholy torment.
You are immune to petrification.


Message History

Jessica says, "I'm really upset."
Jessica casts a spell at you. Pain shoots through your body!
Jessica misses you.
You closely miss Jessica.
Jessica gestures wildly while chanting.
Jessica seems to speed up.
Jessica hits you with a +0 club.
You thump Jessica!
You kill Jessica!
Your Fighting skill increases to level 6!
You have reached level 5!
Things that are here:
a +0 club; a +0 robe You now have 76 gold pieces (gained 13).
A gnoll comes into view. It is wielding a +0 halberd.
The gnoll shouts!
You hear a shout!
The gnoll moves out of view.
A gnoll comes into view. It is wielding a +0 club.
There are monsters nearby!
There are monsters nearby!
A gnoll comes into view. It is wielding a +0 halberd.
The gnoll shouts!
You hit the gnoll.
The gnoll is heavily wounded.
The gnoll hits you from afar with a +0 halberd.
The gnoll hits you with a +0 halberd.
You closely miss the gnoll.
The gnoll is heavily wounded.
The gnoll hits you from afar with a +0 halberd.
The gnoll hits you but does no damage.
You hit the gnoll but do no damage.
The gnoll is heavily wounded.
The gnoll throws a throwing net.
The throwing net hits you.
You become entangled in the net!
The gnoll hits you with a +0 halberd!
The gnoll hits you from afar with a +0 halberd!
* * * LOW HITPOINT WARNING * * *
The gnoll hits you but does no damage.
You struggle against the net.
The gnoll hits you from afar with a +0 halberd!
You die...

########## ###........#
###..........# #
#.....#.#.#.#..## #
#............... #
#.....#.#.#.#.### #
#...#...........#
###.....#.#.#.#.@.#
................g.#
........#.#.#.#...gg.
.................##....
.................#
.##..
..........^..#...##.##
.
##...........#.......#
#...................
#...#####..........


You could see 3 gnolls.

Vanquished Creatures
  Terence (D:2)
  Jessica (D:2)
  An adder (D:2)
  2 worms (D:2)
  3 dart slugs
  An orc (D:2)
  A ball python (D:2)
  6 endoplasms
  3 giant cockroaches (D:2)
  3 goblins
  5 hobgoblins
  2 jackals (D:1)
  3 kobolds (D:1)
  A bat (D:1)
  A frilled lizard (D:2)
  3 rats
37 creatures vanquished.

Notes
Turn   | Place    | Note
-------+----------+-------------------------------------------
     0 | D:1      | PentaManta the Gargoyle Monk began the quest for the Orb.
     0 | D:1      | Reached XP level 1. HP: 14/14 MP: 1/1
   237 | D:1      | Reached XP level 2. HP: 12/20 MP: 2/2
   422 | D:1      | Found a faded altar of an unknown god.
   471 | D:1      | Reached skill level 4 in Fighting
  1149 | D:1      | Reached XP level 3. HP: 19/24 MP: 3/3
  1568 | D:2      | Reached skill level 5 in Fighting
  1776 | D:2      | Reached XP level 4. HP: 28/31 MP: 4/4
  1813 | D:2      | Noticed Terence
  1820 | D:2      | Killed Terence
  1893 | D:2      | Noticed Jessica
  1900 | D:2      | Killed Jessica
  1901 | D:2      | Reached skill level 6 in Fighting
  1901 | D:2      | Reached XP level 5. HP: 33/36 MP: 5/5
  1943 | D:2      | Slain by a gnoll

Illustrated notes

Levels and vault maps discovered:
D:1:      kennysheep_arrival_seaside, layout_basic, basic_ecumenical_altar
D:2:      minmay_chambers_of_twos, layout_basic, serial_glass, glass_columns_c,
          glass_columns_a, glass_columns_a, glass_columns_a,
          kennysheep_cross_room, uniq_terence, uniq_jessica

Skill      XL: |  1  2  3  4 |
---------------+-------------+-----
Fighting       | 4 5 6 |  6.0
Maces & Flails | |  3.0
Dodging        | |  2.4
Stealth        | |  2.1

Action                   |  1- 3 |  4- 6 || total
-------------------------+-------+-------++-------
Melee: Mace              |    88 |    13 ||   101
 Stab: Sleeping          |     1 |       ||     1
Armor: Robe              |     4 |       ||     4
       Chain mail        |    32 |     4 ||    36
Dodge: Dodged            |    38 |     5 ||    43
